TOP OF THE 1ST |
Harrisburg Senators batting - Pitching for Springfield Cardinals : LHP Kazuo Nishihara
|
Pitching: LHP Kazuo Nishihara
|
|
Batting: RHB Willie de los Santos
|
0-0: Called Strike 0-1: Swinging Strike 0-2: Strikes out swinging
|
Batting: RHB Pat Scaturro
|
0-0: Foul Ball, location: 2F 0-1: Ball 1-1: Ball 2-1: Foul Ball, location: 2F 2-2: Foul Ball, location: 2F 2-2: Ball 3-2: Foul Ball, location: 2F 3-2: Foul Ball, location: 2F 3-2: Foul Ball, location: 2F 3-2: Base on Balls
|
Batting: RHB Antonio Laurel
|
0-0: Ball 1-0: Ball 2-0: Ball 3-0: Called Strike 3-1: Hit by Pitch Pat Scaturro to second
|
Batting: RHB Er Le
|
0-0: Swinging Strike 0-1: SINGLE (Groundball, 4, EV 98.1 MPH) Pat Scaturro to third Antonio Laurel to second
|
Batting: LHB Kevin Kantor
|
0-0: Ball 1-0: Called Strike 1-1: Fielders Choice at 2nd, 4-6 (Groundball, 4, EV 109.4 MPH) Pat Scaturro scores Antonio Laurel to third
|
Batting: RHB Bobby Bricker
|
0-0: Ball Pickoff Throw by Catcher to First - Out!
|
Top of the 1st over - 1 run, 1 hit, 0 errors, 1 left on base; Harrisburg 1 - Springfield 0 |
BOTTOM OF THE 1ST |
Springfield Cardinals batting - Pitching for Harrisburg Senators : RHP Jimmy Purscell
|
Pitching: RHP Jimmy Purscell
|
|
Batting: RHB Jeff Long
|
0-0: Ball 1-0: Foul Ball, location: 2F 1-1: Foul Ball, location: 2F 1-2: Foul Ball, location: 2F 1-2: Ball 2-2: Fly out, F8 (Flyball, 8LD, EV 83.1 MPH)
|
Batting: RHB Joe Alley
|
0-0: Called Strike 0-1: Called Strike 0-2: Ground out 6-3 (Groundball, 56D, EV 84.4 MPH)
|
Batting: LHB Angelo Vasquez
|
0-0: Ball 1-0: DOUBLE (Groundball, 3L, EV 97.5 MPH)
|
Batting: LHB Travis Ruppel
|
0-0: Foul Ball, location: 2F 0-1: Foul Ball, location: 2F 0-2: Ball 1-2: Ball 2-2: Strikes out swinging
|
Bottom of the 1st over - 0 runs, 1 hit, 0 errors, 1 left on base; Harrisburg 1 - Springfield 0 |
TOP OF THE 2ND |
Harrisburg Senators batting - Pitching for Springfield Cardinals : LHP Kazuo Nishihara
|
Batting: RHB Bobby Bricker
|
0-0: Ball 1-0: Ball 2-0: Called Strike 2-1: Swinging Strike 2-2: Strikes out swinging
|
Batting: RHB Antonio Vallez
|
0-0: Called Strike 0-1: Ball 1-1: Foul Ball, location: 2F 1-2: Foul Ball, location: 2F 1-2: Ball 2-2: Fly out, F8 (Flyball, 78M, EV 89.4 MPH)
|
Batting: RHB Roger Simmons
|
0-0: Reached on error, E1 (Groundball, 15S, EV 65.0 MPH)
|
Batting: LHB Chris Williams
|
0-0: Called Strike 0-1: Ball 1-1: Swinging Strike 1-2: Strikes out looking
|
Top of the 2nd over - 0 runs, 0 hits, 1 error, 1 left on base; Harrisburg 1 - Springfield 0 |
BOTTOM OF THE 2ND |
Springfield Cardinals batting - Pitching for Harrisburg Senators : RHP Jimmy Purscell
|
Batting: RHB Robby Hickman
|
0-0: Swinging Strike 0-1: Foul Ball, location: 2F 0-2: Ball 1-2: Fly out, F5 (Popup, 56S, EV 78.8 MPH)
|
Batting: RHB Tommy Boudreaux
|
0-0: Called Strike 0-1: Ball 1-1: Foul Ball, location: 2F 1-2: Fly out, F7 (Flyball, 7, EV 89.4 MPH)
|
Batting: LHB John Bailey
|
0-0: Swinging Strike 0-1: Swinging Strike 0-2: Ball 1-2: Strikes out swinging
|
Bottom of the 2nd over - 0 runs, 0 hits, 0 errors, 0 left on base; Harrisburg 1 - Springfield 0 |
TOP OF THE 3RD |
Harrisburg Senators batting - Pitching for Springfield Cardinals : LHP Kazuo Nishihara
|
Batting: RHB Willie de los Santos
|
0-0: Ball 1-0: Called Strike 1-1: Ball 2-1: Ball 3-1: Called Strike 3-2: Ground out 6-3 (Groundball, 6, EV 107.5 MPH)
|
Batting: RHB Pat Scaturro
|
0-0: Ball 1-0: Foul Ball, location: 2F 1-1: Called Strike 1-2: Fly out, F8 (Flyball, 8LD, EV 82.5 MPH)
|
Batting: RHB Antonio Laurel
|
0-0: Ball 1-0: Ball 2-0: Foul Ball, location: 2F 2-1: Called Strike 2-2: Foul Ball, location: 2F 2-2: Strikes out swinging
|
Top of the 3rd over - 0 runs, 0 hits, 0 errors, 0 left on base; Harrisburg 1 - Springfield 0 |
BOTTOM OF THE 3RD |
Springfield Cardinals batting - Pitching for Harrisburg Senators : RHP Jimmy Purscell
|
Batting: RHB Tommy Tracy
|
0-0: Called Strike 0-1: Ball 1-1: Swinging Strike 1-2: Ground out 5-3 (Groundball, 56, EV 88.8 MPH)
|
Batting: RHB Edgar Landim
|
0-0: Ball 1-0: Ground out 5-3 (Groundball, 5L, EV 85.6 MPH)
|
Batting: RHB Jeff Long
|
0-0: Called Strike 0-1: Ball 1-1: Foul Ball, location: 2F 1-2: Ball 2-2: Foul Ball, location: 2F 2-2: Foul Ball, location: 2F 2-2: Ball 3-2: Base on Balls
|
Batting: RHB Joe Alley
|
0-0: Fielders Choice at 2nd, 6-4 (Groundball, 6, EV 80.6 MPH)
|
Bottom of the 3rd over - 0 runs, 0 hits, 0 errors, 1 left on base; Harrisburg 1 - Springfield 0 |
TOP OF THE 4TH |
Harrisburg Senators batting - Pitching for Springfield Cardinals : LHP Kazuo Nishihara
|
Batting: RHB Er Le
|
0-0: Called Strike 0-1: Ball 1-1: Swinging Strike 1-2: Foul Ball, location: 2F 1-2: Strikes out looking
|
Batting: LHB Kevin Kantor
|
0-0: Ball 1-0: Ball 2-0: Foul Ball, location: 2F 2-1: Swinging Strike 2-2: SINGLE (Line Drive, 5L, EV 101.2 MPH)
|
Batting: RHB Bobby Bricker
|
0-0: Called Strike 0-1: Ball 1-1: Called Strike 1-2: Strikes out swinging
|
Batting: RHB Antonio Vallez
|
0-0: Ball Kevin Kantor steals 2nd base 1-0: Ball 2-0: Ball 3-0: Base on Balls
|
Batting: RHB Roger Simmons
|
0-0: Ball 1-0: Foul Ball, location: 2F 1-1: Foul Ball, location: 2F 1-2: Foul Ball, location: 2F 1-2: DOUBLE (Groundball, 5L, EV 102.5 MPH) Kevin Kantor scores Antonio Vallez to third Runner from 3rd tries for Home, SAFE, throw by LF to home
|
Batting: LHB Chris Williams
|
0-0: Called Strike 0-1: SINGLE (Groundball, 6S, EV 73.1 MPH) (infield hit) Roger Simmons to third
|
Batting: RHB Willie de los Santos
|
0-0: Called Strike 0-1: Ground out 1-3 (Groundball, 15S, EV 62.5 MPH)
|
Top of the 4th over - 2 runs, 3 hits, 0 errors, 2 left on base; Harrisburg 3 - Springfield 0 |
BOTTOM OF THE 4TH |
Springfield Cardinals batting - Pitching for Harrisburg Senators : RHP Jimmy Purscell
|
Batting: LHB Angelo Vasquez
|
0-0: Foul Ball, location: 2F 0-1: Ball 1-1: Foul Ball, location: 2F 1-2: Ball 2-2: Ground out 5-3 (Groundball, 56, EV 95.0 MPH)
|
Batting: LHB Travis Ruppel
|
0-0: Ball 1-0: Called Strike 1-1: SOLO HOME RUN (Flyball, 9D, EV 95.6 MPH), Distance : 375 ft
|
Batting: RHB Robby Hickman
|
0-0: Called Strike 0-1: Called Strike 0-2: Foul Ball, location: 2F 0-2: SINGLE (Line Drive, 6D, EV 98.1 MPH)
|
Batting: RHB Tommy Boudreaux
|
0-0: Ball 1-0: Ball 2-0: Foul Ball, location: 2F 2-1: Ball 3-1: DOUBLE (Line Drive, 5D, EV 100.0 MPH) Robby Hickman to third Runner from 3rd tries for Home, SAFE, throw by LF to home
|
Batting: LHB John Bailey
|
0-0: Foul Ball, location: 2F 0-1: Foul Ball, location: 2F 0-2: Strikes out looking
|
Batting: RHB Tommy Tracy
|
0-0: Ball 1-0: Ball 2-0: Ground out 5-3 (Groundball, 56, EV 101.9 MPH)
|
Bottom of the 4th over - 2 runs, 3 hits, 0 errors, 1 left on base; Harrisburg 3 - Springfield 2 |
TOP OF THE 5TH |
Harrisburg Senators batting - Pitching for Springfield Cardinals : LHP Kazuo Nishihara
|
Batting: RHB Pat Scaturro
|
0-0: SINGLE (Line Drive, 9S, EV 101.2 MPH)
|
Batting: RHB Antonio Laurel
|
0-0: Called Strike 0-1: Foul Ball, location: 2F 0-2: Ball 1-2: Ball 2-2: Grounds into double play, 6-4-3 (Groundball, 6, EV 90.6 MPH)
|
Batting: RHB Er Le
|
0-0: DOUBLE (Line Drive, 7LD, EV 106.2 MPH)
|
Batting: LHB Kevin Kantor
|
0-0: SINGLE (Flyball, 7LS, EV 94.4 MPH) Er Le to third Runner from 3rd tries for Home, SAFE, throw by LF to home
|
Batting: RHB Bobby Bricker
|
0-0: Ball Kevin Kantor is caught stealing 2nd base 2-4
|
Top of the 5th over - 1 run, 3 hits, 0 errors, 0 left on base; Harrisburg 4 - Springfield 2 |
BOTTOM OF THE 5TH |
Springfield Cardinals batting - Pitching for Harrisburg Senators : RHP Jimmy Purscell
|
Batting: RHB Edgar Landim
|
0-0: Fly out, F7 (Flyball, 7D, EV 105.6 MPH)
|
Batting: RHB Jeff Long
|
0-0: Ball 1-0: Fly out, F8 (Line Drive, 8LD, EV 86.9 MPH)
|
Batting: RHB Joe Alley
|
0-0: Ball 1-0: SINGLE (Groundball, 56D, EV 94.4 MPH)
|
Batting: LHB Angelo Vasquez
|
0-0: Ground out U3 (Groundball, 3S, EV 86.2 MPH)
|
Bottom of the 5th over - 0 runs, 1 hit, 0 errors, 1 left on base; Harrisburg 4 - Springfield 2 |
TOP OF THE 6TH |
Harrisburg Senators batting - Pitching for Springfield Cardinals : LHP Kazuo Nishihara
|
Batting: RHB Bobby Bricker
|
0-0: Ball 1-0: Swinging Strike 1-1: Called Strike 1-2: Strikes out swinging
|
Batting: RHB Antonio Vallez
|
0-0: Fly out, F7 (Flyball, 7, EV 96.2 MPH)
|
Batting: RHB Roger Simmons
|
0-0: Ball 1-0: Foul Ball, location: 2F 1-1: Fly out, F5 (Popup, 56S, EV 77.5 MPH)
|
Top of the 6th over - 0 runs, 0 hits, 0 errors, 0 left on base; Harrisburg 4 - Springfield 2 |
BOTTOM OF THE 6TH |
Springfield Cardinals batting - Pitching for Harrisburg Senators : RHP Jimmy Purscell
|
Batting: LHB Travis Ruppel
|
0-0: Called Strike 0-1: Ball 1-1: Fly out, F5 (Popup, 6S, EV 68.8 MPH)
|
Batting: RHB Robby Hickman
|
0-0: Fly out, F4 (Popup, 4S, EV 76.9 MPH)
|
Batting: RHB Tommy Boudreaux
|
0-0: Ball 1-0: SINGLE (Groundball, 56D, EV 96.9 MPH)
|
Batting: LHB John Bailey
|
0-0: Ball Tommy Boudreaux steals 2nd base 1-0: Ball 2-0: Ball 3-0: Called Strike 3-1: Base on Balls
|
Batting: RHB Tommy Tracy
|
0-0: Swinging Strike 0-1: Called Strike 0-2: Strikes out swinging
|
Bottom of the 6th over - 0 runs, 1 hit, 0 errors, 2 left on base; Harrisburg 4 - Springfield 2 |
TOP OF THE 7TH |
Harrisburg Senators batting - Pitching for Springfield Cardinals : LHP Kazuo Nishihara
|
Batting: LHB Chris Williams
|
0-0: Ball 1-0: Ball 2-0: Foul Ball, location: 2F 2-1: Foul Ball, location: 2F 2-2: Ground out 5-3 (Groundball, 5, EV 108.8 MPH)
|
Batting: RHB Willie de los Santos
|
0-0: Ball 1-0: Foul Ball, location: 2F 1-1: Ground out 6-3 (Groundball, 6, EV 100.6 MPH)
|
Batting: RHB Pat Scaturro
|
0-0: Swinging Strike 0-1: Ball 1-1: Swinging Strike 1-2: Strikes out swinging
|
Top of the 7th over - 0 runs, 0 hits, 0 errors, 0 left on base; Harrisburg 4 - Springfield 2 |
BOTTOM OF THE 7TH |
Springfield Cardinals batting - Pitching for Harrisburg Senators : RHP Jimmy Purscell
|
Batting: RHB Edgar Landim
|
0-0: Ball 1-0: Called Strike 1-1: Foul Ball, location: 2F 1-2: Ball 2-2: SINGLE (Groundball, 6MD, EV 97.5 MPH)
|
Batting: RHB Jeff Long
|
0-0: Ball 1-0: Grounds into double play, 6-4-3 (Groundball, 6, EV 82.5 MPH)
|
Batting: RHB Joe Alley
|
0-0: Ball 1-0: Ball 2-0: Ball 3-0: Base on Balls
|
Pitching: RHP Matt Seivert
|
|
Batting: LHB Angelo Vasquez
|
0-0: Called Strike 0-1: Fly out, F9 (Line Drive, 9, EV 86.2 MPH)
|
Bottom of the 7th over - 0 runs, 1 hit, 0 errors, 1 left on base; Harrisburg 4 - Springfield 2 |
TOP OF THE 8TH |
Harrisburg Senators batting - Pitching for Springfield Cardinals : LHP Kazuo Nishihara
|
Pitching: LHP John Grinter
|
|
Batting: RHB Antonio Laurel
|
0-0: Ball 1-0: Ball 2-0: Ball 3-0: Base on Balls
|
Batting: RHB Er Le
|
0-0: Ball 1-0: Fly out, F9 (Flyball, 89D, EV 92.5 MPH)
|
Batting: LHB Kevin Kantor
|
0-0: Ball 1-0: Ball 2-0: Called Strike 2-1: Called Strike 2-2: Ground out 5-3 (Groundball, 6S, EV 77.5 MPH) Antonio Laurel to second
|
Batting: RHB Bobby Bricker
|
0-0: Ground out 6-3 (Groundball, 6S, EV 88.1 MPH)
|
Top of the 8th over - 0 runs, 0 hits, 0 errors, 1 left on base; Harrisburg 4 - Springfield 2 |
BOTTOM OF THE 8TH |
Springfield Cardinals batting - Pitching for Harrisburg Senators : RHP Matt Seivert
|
Now at 2B: Victor Cintron
|
|
Batting: LHB Travis Ruppel
|
0-0: Ground out 5-3 (Groundball, 56, EV 80.0 MPH)
|
Batting: RHB Robby Hickman
|
0-0: Called Strike 0-1: Swinging Strike 0-2: Foul Ball, location: 2F 0-2: Strikes out swinging
|
Batting: RHB Tommy Boudreaux
|
0-0: Ball 1-0: Ball 2-0: SINGLE (Line Drive, 4MD, EV 101.9 MPH)
|
Batting: LHB John Bailey
|
0-0: Swinging Strike 0-1: Swinging Strike 0-2: Ball 1-2: Ball 2-2: Strikes out looking
|
Bottom of the 8th over - 0 runs, 1 hit, 0 errors, 1 left on base; Harrisburg 4 - Springfield 2 |
TOP OF THE 9TH |
Harrisburg Senators batting - Pitching for Springfield Cardinals : LHP John Grinter
|
Batting: RHB Antonio Vallez
|
0-0: Called Strike 0-1: Ball 1-1: Fly out, F9 (Flyball, 89S, EV 83.8 MPH)
|
Batting: RHB Roger Simmons
|
0-0: SINGLE (Groundball, 56D, EV 106.2 MPH)
|
Batting: LHB Chris Williams
|
0-0: Called Strike 0-1: Foul Ball, location: 2F 0-2: Ball 1-2: Strikes out swinging
|
Batting: RHB Willie de los Santos
|
0-0: Ball 1-0: Swinging Strike 1-1: Called Strike 1-2: Foul Ball, location: 2F 1-2: Strikes out swinging
|
Top of the 9th over - 0 runs, 1 hit, 0 errors, 1 left on base; Harrisburg 4 - Springfield 2 |
BOTTOM OF THE 9TH |
Springfield Cardinals batting - Pitching for Harrisburg Senators : RHP Matt Seivert
|
Pitching: RHP Stacey Kerssies
|
|
Batting: RHB Tommy Tracy
|
0-0: Foul Ball, location: 2F 0-1: Called Strike 0-2: Fly out, F9 (Flyball, 9LM, EV 95.6 MPH)
|
Batting: RHB Edgar Landim
|
0-0: Ball 1-0: SINGLE (Groundball, 6MD, EV 103.8 MPH)
|
Batting: RHB Jeff Long
|
0-0: SINGLE (Line Drive, 56D, EV 98.8 MPH) Edgar Landim to second
|
Pinch Runner at 2nd Jose Ramos:
|
|
Batting: RHB Joe Alley
|
0-0: Ball 1-0: Foul Ball, location: 2F 1-1: Fly out, F8 (Flyball, 8LM, EV 79.4 MPH)
|
Batting: LHB Angelo Vasquez
|
0-0: Called Strike 0-1: Hit by Pitch Jose Ramos to third Jeff Long to second
|
Batting: LHB Travis Ruppel
|
0-0: Ball 1-0: Swinging Strike 1-1: Ball 2-1: Fly out, F8 (Flyball, 78D, EV 81.9 MPH)
|
Bottom of the 9th over - 0 runs, 2 hits, 0 errors, 3 left on base; Harrisburg 4 - Springfield 2 |
|